 Dungeon Crawl Stone Soup version 0.31-a0-236-g9a0961fb85 (webtiles) character file.

Game seed: 15025132108870143972

153 qw the Shooter (level 5, -9/31 HPs)
             Began as a Gargoyle Hexslinger on July 10, 2023.
             Mangled by an ogre
             ... wielding a +0 giant spiked club
              (20 damage)
             ... on level 4 of the Dungeon.
             The game lasted 00:01:04 (2355 turns).

qw the Shooter (Gargoyle Hexslinger)                Turns: 2355, Time: 00:01:05

Health: -9/31      AC: 11    Str: 11    XL:     5   Next: 35%
Magic:  6/6        EV: 10    Int: 14    God:
Gold:   207        SH:  0    Dex: 14    Spells: 5/6 levels left

rFire   . . .        Y - +2 sling
rCold   . . .        (no shield)
rNeg    + . .        i - +0 ring mail
rPois   inf          h - +0 helmet
rElec   +            b - +0 cloak
rCorr   +            (no gloves)
SInv    .            (no boots)
Will    .....        (no amulet)
Stlth   +            g - ring of resist corrosion
HPRegen 0.25/turn    (no ring)
MPRegen 0.10/turn

%: no passive effects
@: no status effects
A: sickness immunity, AC +4, negative energy resistance 1, electricity
resistance, torment resistance 1, petrification resistance
a: no special abilities


You were on level 4 of the Dungeon.
You visited 1 branch of the dungeon, and saw 4 of its levels.

You collected 258 gold pieces.
You spent 51 gold pieces at shops.


Innate Abilities, Weirdness & Mutations

You are immune to sickness and miasma.
Your stone body is resilient. (AC +4)
You are immune to poison.
You resist negative energy. (rN+)
You are resistant to electric shocks. (rElec)
You are resistant to unholy torment.
You are immune to petrification.


   Skills:
 - Level 2.3 Fighting
 - Level 5.0 Ranged Weapons
 + Level 0.0 Armour
 - Level 1.5 Dodging
 - Level 1.0 Spellcasting
 - Level 2.6 Hexes


You had 5 spell levels left.
You knew the following spells:

 Your Spells              Type           Power      Damage    Failure   Level
a - Slow                  Hex            32%        N/A       22%         1

Your spell library contained the following spells:

 Spells                   Type           Power      Damage    Failure   Level
 Inner Flame              Hex/Fire       4%         N/A       73%         3
 Portal Projectile        Hex/Tloc       8%         N/A       73%         3
 Cause Fear               Hex            4%         N/A       91%         4

Inventory:

Hand Weapons
 Y - a +2 sling (weapon)
Armour
 b - a +0 cloak (worn)
 h - a +0 helmet (worn)
 i - a +0 ring mail (worn)
Jewellery
 g - a ring of resist corrosion (left hand)
Scrolls
 l - a scroll of identify
 m - 3 scrolls of teleportation
Potions
 a - a potion of mutation
 c - a potion of attraction {unknown}
 d - a potion of degeneration {unknown}
 e - a potion of haste
 f - a potion of lignification {unknown}
 j - 2 potions of curing
 k - a potion of cancellation

Dungeon Overview and Level Annotations

Branches:
Dungeon (4/15)
 Temple: D:4-7

Altars:
Hepliaklqana

Shops:
D:1 *!


Message History

a - a potion of mutation;
2284 ||| IDENTIFYING murky black potion Done exploring.
(D) Dungeon
Where to? (* - list waypoints, Enter - D:3, ? - help)
What level of the Dungeon? (default 1, ? - help)
You see here a +0 scale mail.
Your extra speed is starting to run out.
There is a stone staircase leading down here.
You climb downwards.
Found 32 gold pieces, a fizzy purple potion and a rapier.
Found a stone staircase leading down.
There is a stone staircase leading up here.
Waypoint 3 assigned to D:4.
You feel yourself slow down.
You now have 195 gold pieces (gained 20).
You now have 207 gold pieces (gained 12).
Found a war axe.
Enter note:
c - a fizzy purple potion
Enter note: An ogre comes into view. It is wielding a +0 giant spiked club.
The ogre shouts!
Enter note: You shoot a sling bullet.
The sling bullet hits the ogre!
The ogre is moderately wounded.
You shoot a sling bullet. The sling bullet hits the ogre.
The ogre is heavily wounded.
You shoot a sling bullet. The sling bullet hits the ogre.
The ogre is heavily wounded.
You shoot a sling bullet. The sling bullet hits the ogre!
The ogre is severely wounded.
You shoot a sling bullet.
The sling bullet closely misses the ogre.
The ogre hits you with a +0 giant spiked club!!
Ouch! That really hurt!
You shoot a sling bullet. The sling bullet hits the ogre.
The ogre is almost dead.
The ogre hits you with a +0 giant spiked club!!
Ouch! That really hurt!
You die...

#...........#.#....#.#
#.............#.......
......##...........##.
.......<..............
...##.>..#..##........
#...........#.....#
#......####.#......
.......###..........
......... ##@........
.......#.# #..O.......
.......###...........#
#.).......###
...........#
.......#.....#
####....##....# ##...#
....#


You could see an ogre.

Vanquished Creatures
  Jessica (D:3)
  5 adders
  5 dart slugs
  2 orcs (D:3)
  8 bats
  6 endoplasms
  3 giant cockroaches
  5 goblins
  6 hobgoblins
  4 jackals (D:1)
  A quokka (D:3)
  10 ball pythons
  8 kobolds
  5 rats
69 creatures vanquished.

Notes
Turn   | Place    | Note
-------+----------+-------------------------------------------
     0 | D:1      | qw the Gargoyle Hexslinger began the quest for the Orb.
     0 | D:1      | Reached XP level 1. HP: 12/12 MP: 2/2
     0 | D:1      | 0 ||| qw: Version: 0.3-a-52-g30416fa
     0 | D:1      | 0 ||| qw: Game counter: 4552
     0 | D:1      | 0 ||| qw: Melee chars always use a shield: true
     0 | D:1      | 0 ||| qw: God list: Okawaru
     0 | D:1      | 0 ||| qw: Allow faded altars: false
     0 | D:1      | 0 ||| qw: Do Orc after clearing Dungeon:15 true
     0 | D:1      | 0 ||| qw: Do second Lair branch before Depths: true
     0 | D:1      | 0 ||| qw: Lair rune preference: random
     0 | D:1      | 0 ||| qw: Goals: Normal
     0 | D:1      | 0 ||| PLANNING D:1-11
    38 | D:1      | Reached XP level 2. HP: 16/16 MP: 3/3
    83 | D:1      | 83 ||| FLEEEEING.
    87 | D:1      | 87 ||| FLEEEEING.
    88 | D:1      | 88 ||| FLEEEEING.
    89 | D:1      | 89 ||| FLEEEEING.
    90 | D:1      | 90 ||| FLEEEEING.
    91 | D:1      | 91 ||| FLEEEEING.
    92 | D:1      | 92 ||| FLEEEEING.
    93 | D:1      | 93 ||| FLEEEEING.
    94 | D:1      | 94 ||| FLEEEEING.
    95 | D:1      | 95 ||| FLEEEEING.
    96 | D:1      | 96 ||| FLEEEEING.
    97 | D:1      | 97 ||| FLEEEEING.
   141 | D:1      | Reached skill level 3 in Ranged Weapons
   204 | D:1      | 204 ||| FLEEEEING.
   210 | D:1      | 210 ||| FLEEEEING.
   211 | D:1      | 211 ||| FLEEEEING.
   221 | D:1      | 221 ||| FLEEEEING.
   529 | D:1      | Found Maobeat's Assorted Antiques.
   532 | D:1      | Reached XP level 3. HP: 21/21 MP: 4/4
   540 | D:1      | 540 ||| BUYING 2 glowing brown potions (34 gold).
   540 | D:1      | Bought 2 glowing brown potions for 34 gold pieces
   540 | D:1      | 540 ||| SHOPLISTING cloak (85 gold, have 18).
   540 | D:1      | 540 ||| SHOPLISTING helmet (85 gold, have 18).
   540 | D:1      | 540 ||| BUYING lumpy green potion (17 gold).
   540 | D:1      | Bought a lumpy green potion for 17 gold pieces
   540 | D:1      | 540 ||| SHOPLISTING orcbow (66 gold, have 1).
   540 | D:1      | 540 ||| SHOPLISTING scroll labelled YTUXKER DOYDEO (19
                  | gold, have 1).
   540 | D:1      | 540 ||| SHOPLISTING sedimented white potion (17 gold, have
                  | 1).
   759 | D:1      | Found Doitul's Distillery.
   769 | D:1      | 769 ||| SHOPLISTING 2 potions of cancellation (224 gold,
                  | have 33).
   769 | D:1      | 769 ||| SHOPLISTING potion of curing (42 gold, have 33).
   769 | D:1      | 769 ||| SHOPLISTING potion of heal wounds (70 gold, have
                  | 33).
   769 | D:1      | 769 ||| SHOPLISTING potion of mutation (112 gold, have 33).
   769 | D:1      | 769 ||| SHOPLISTING potion of resistance (140 gold, have
                  | 33).
   951 | D:1      | 951 ||| UPGRADING to ring of resist corrosion.
   952 | D:1      | 952 ||| READING scroll labelled YTUXKER DOYDEO.
   953 | D:1      | 953 ||| READING scroll labelled RUAVOTHRAOC.
   954 | D:1      | 954 ||| READING scroll labelled INKECIMOENU.
   955 | D:1      | 955 ||| READING 2 scrolls labelled ONLADYABEU.
   956 | D:1      | 956 ||| READING scroll labelled WYUNEIREDU.
   959 | D:1      | 959 ||| READING scroll labelled APNELULUCE.
   960 | D:1      | 960 ||| DRINKING 3 glowing brown potions.
   961 | D:1      | 961 ||| DROPPING scroll of poison.
   962 | D:1      | 962 ||| DROPPING scroll of revelation.
  1126 | D:2      | Reached XP level 4. HP: 26/26 MP: 5/5
  1183 | D:2      | Reached skill level 4 in Ranged Weapons
  1374 | D:2      | 1374 ||| UPGRADING to +0 cloak.
  1379 | D:2      | 1379 ||| UPGRADING to +0 helmet.
  1384 | D:2      | 1384 ||| READING scroll labelled SIRISO MOVOMES.
  1385 | D:2      | 1385 ||| DRINKING 2 orange potions.
  1386 | D:2      | 1386 ||| DRINKING 2 potions of curing.
  1386 | D:2      | 1386 ||| (to cure confusion)
  1387 | D:2      | 1387 ||| DRINKING 2 lumpy silvery potions.
  1388 | D:2      | 1388 ||| DRINKING 2 lumpy green potions.
  1389 | D:2      | 1389 ||| DROPPING potion of ambrosia.
  1390 | D:2      | 1390 ||| DROPPING potion of invisibility.
  1446 | D:3      | Found a hazy altar of Hepliaklqana.
  1482 | D:3      | Noticed Jessica
  1483 | D:3      | Killed Jessica
  1669 | D:3      | Reached XP level 5. HP: 30/30 MP: 6/6
  1755 | D:3      | Found a faded altar of an unknown god.
  2013 | D:3      | Reached skill level 5 in Ranged Weapons
  2272 | D:3      | 2272 ||| UPGRADING to +0 ring mail.
  2282 | D:3      | 2282 ||| DROPPING +0 robe.
  2283 | D:3      | 2283 ||| DRINKING 2 green potions.
  2284 | D:3      | 2284 ||| READING 2 scrolls of identify.
  2284 | D:3      | 2284 ||| IDENTIFYING murky black potion
  2349 | D:4      | Noticed an ogre
  2355 | D:4      | Mangled by an ogre

Levels and vault maps discovered:
D:1:      shiori_arrival_oz, layout_basic, serial_shops, nicolae_lakefront_shop,
          shop
D:2:      layout_rooms
D:3:      layout_loops_ring, nicolae_hepliaklqana_hippocampus,
          shapermc_ecumenical_altar_ellora, nrook_uturn, uniq_jessica
D:4:      layout_cave_pools

Skill      XL: |  1  2  3  4  5 |
---------------+----------------+-----
Ranged Weapons | 3 4 5 |  5.0
Fighting       | 2 |  2.3
Dodging        | |  1.5
Spellcasting   | |  1.0
Hexes          | |  2.6

Action                     |  1- 3 |  4- 6 || total
---------------------------+-------+-------++-------
   Fire: Sling             |   104 |   106 ||   210
    Use: Scroll            |     6 |     2 ||     8
         Potion            |     1 |     5 ||     6
 Armour: Robe              |    13 |    17 ||    30
  Dodge: Dodged            |    30 |    22 ||    52

Table legend:
 A = Non-vault XP
 B = Vault XP
 C = Vault XP percentage of total XP
 D = Non-vault monster count
 E = Vault monster count
 F = Vault count percentage of total count
                 A         B        C        D         E       F
            +---------+---------+-------+---------+---------+-------
      Total |     178 |      41 |  18.7 |      66 |       3 |   4.3
            +---------+---------+-------+---------+---------+-------
        D:1 |      49 |       4 |   7.5 |      27 |       2 |   6.9
        D:2 |      53 |       0 |   0.0 |      17 |       0 |   0.0
        D:3 |      76 |      37 |  32.7 |      22 |       1 |   4.3
            +---------+---------+-------+---------+---------+-------
